 Dungeon Crawl Stone Soup version 0.22.1-1-ga44c0e5 (webtiles) character file.

113 Larett the Sneak (level 4, -3/22 HPs)
             Began as a Spriggan Assassin on Oct 28, 2018.
             Killed from afar by an orc wizard (18 damage)
             ... with a puff of flame
             ... on level 2 of the Dungeon.
             The game lasted 00:06:22 (2800 turns).

Larett the Sneak (Spriggan Assassin)                Turns: 2800, Time: 00:06:22

Health: -3/22      AC:  3    Str:  7    XL:     4   Next: 65%
Magic:  5/5        EV: 20    Int: 12    God:
Gold:   129        SH:  0    Dex: 18    Spells: 3/3 levels left

rFire    x . .     SeeInvis +   a - +2 dagger
rCold    + . .     Gourm    .   (shield restricted)
rNeg     . . .     Faith    .   c - +0 robe
rPois    .         Spirit   .   (helmet restricted)
rElec    .         Reflect  .   d - +0 cloak
rCorr    .         Harm     .   (gloves unavailable)
MR       .....     Rnd*Tele +   (boots unavailable)
Stlth    ++++......             (no amulet)
HPRegen  0.07/turn              r - ring of ice
MPRegen  0.09/turn              t - ring of teleportation (curse)

@: very quick
A: very small, unfitting armour, see invisible, herbivore, speed 3, slow
metabolism 2
a: no special abilities


You were on level 2 of the Dungeon.
You were not hungry.

You visited 1 branch of the dungeon, and saw 3 of its levels.

You collected 129 gold pieces.

Inventory:

Hand Weapons
 a - a +2 dagger (weapon)
 b - a +1 blowgun
 A - a cursed -3 hunting sling
 G - a +0 hand axe of holy wrath
Missiles
 e - 7 poisoned needles
 f - 2 curare-tipped needles
 s - 56 stones
 C - 7 needles of confusion
 D - 17 bolts
 E - 8 tomahawks (quivered)
Armour
 c - a +0 robe (worn)
 d - a +0 cloak (worn)
Jewellery
 r - a ring of ice (left hand)
 t - a cursed ring of teleportation (right hand)
Potions
 v - a potion of cancellation {unknown}
 y - a potion of flight
Comestibles
 g - 4 rations


   Skills:
 - Level 1.5 Fighting
 + Level 3.0 Short Blades
 - Level 2.0 Throwing
 * Level 4.3 Dodging
 * Level 7.4 Stealth


You had 3 spell levels left.
You didn't know any spells.
Your spell library was empty.

Dungeon Overview and Level Annotations

Branches:
Dungeon (3/15)

Altars:
Dithmenos


Innate Abilities, Weirdness & Mutations

You are very small and have problems with some larger weapons.
You are too small for most types of armour.
You have supernaturally acute eyesight. (SInv)
You are a herbivore.
You cover ground extremely quickly.
You need to consume almost no food.


Message History

The hobgoblin hits you but does no damage.
There is a stone staircase leading up here.
The goblin misses you. The orc wizard misses you.
The hobgoblin hits you but does no damage.
You climb upwards.
There is a stone staircase leading down here.
You see here a +0 flail of crushing.
You closely miss the goblin. The goblin closely misses you.
The orc wizard mumbles some strange words.
The orc wizard seems to speed up.
The hobgoblin hits you with a club.
You hit the goblin.
You kill the goblin!
The orc wizard barely misses you. The hobgoblin completely misses you.
The orc wizard hits you but does no damage.
You hit the hobgoblin.
The hobgoblin is moderately wounded.
The orc wizard casts a spell at you. The puff of flame hits you!
The fire burns you terribly!
Ouch! That really hurt!
You die...

.##
#.###..########....#.#
..# ##..#.##.##
#.##.#.# ### ..#
#.#...###.# #.##.#.#
#.. ..# ##....##.##
#......# #.# ..#
##...#.##
##.###.####.# #.##
##...## #.# #......#
...# ##.##
#.###.######
#†.#######.########
#.....#
...............o@g#
#######
..########.######†####
.## ##.# #.......# ##
#..# #.##.##.# # #.##
#.##.##.# #
###.####.##....# #
#.....##.####..# #
#.....##.####..# #
#.....##.......#


You could see an orc wizard and a hobgoblin.

Vanquished Creatures
  4 gnolls
  An adder (D:2)
  A worm (D:2)
  3 dart slugs
  3 orcs (D:2)
  7 bats
  4 giant cockroaches
  5 goblins
  3 hobgoblins
  6 jackals
  A quokka (D:2)
  2 ball pythons (D:2)
  4 frilled lizards (D:1)
  5 kobolds (D:1)
  5 rats
54 creatures vanquished.

Notes
Turn   | Place    | Note
-------+----------+-------------------------------------------
     0 | D:1      | Larett the Spriggan Assassin began the quest for the Orb.
     0 | D:1      | Reached XP level 1. HP: 10/10 MP: 2/2
    41 | D:1      | Reached skill level 6 in Stealth
   281 | D:1      | Reached XP level 2. HP: 14/14 MP: 3/3
   777 | D:1      | Reached skill level 3 in Dodging
  1039 | D:2      | Reached XP level 3. HP: 18/18 MP: 4/4
  1700 | D:2      | Reached skill level 7 in Stealth
  1715 | D:2      | Reached XP level 4. HP: 9/22 MP: 5/5
  1938 | D:1      | Reached skill level 3 in Short Blades
  2158 | D:2      | Found a shadowy altar of Dithmenos.
  2800 | D:2      | Killed from afar by an orc wizard

Skill      XL: |  1  2  3  4 |
---------------+-------------+-----
Dodging        | 2 3 4 |  4.3
Stealth        | 6 7 |  7.4
Short Blades   | 3 |  3.0
Fighting       | |  1.5
Throwing       | |  2.0

Action                   |  1- 3 |  4- 6 || total
-------------------------+-------+-------++-------
Melee: Dagger            |   133 |    39 ||   172
 Fire: Blowgun           |     5 |     4 ||     9
  Use: Scroll            |       |     5 ||     5
       Potion            |       |     1 ||     1
 Stab: Sleeping          |    10 |     2 ||    12
       Distracted        |     1 |       ||     1
Armor: Robe              |    18 |     3 ||    21
Dodge: Dodged            |    97 |    41 ||   138
